Map: Defender's Landing LE

Players

Whiskydog

  • Race: Terran Terran
  • League: Silver
  • Spawn Location: 7:00

SantaClaws - Winner!

  • Race: Terran Terran
  • League: Silver
  • Spawn Location: 1:00

VOD

Have the link to the VOD?

Description

Time

  • Played on: June 9, 2017, 2:28 p.m.
  • Length: 16:51
Show
View Real Time Build Order
Export as new Build Order

Whiskydog Terran 

Build Orders: MMM Bio 

Get SALT Encoding   

  12  0:04  SCV  
  13  0:16  SCV  
  14  0:21  Supply Depot  
  14  0:28  SCV  
  15  0:32  Refinery  
  15  0:43  SCV  
  15  0:47  Barracks  
  16  0:55  SCV  
  17  1:07  SCV  
  18  1:16  Supply Depot  
  18  1:19  SCV  
  19  1:31  SCV  
  20  1:35  Refinery  
  20  1:46  Factory  
  21  1:49  Orbital Command  
  20  2:03  Barracks Reactor  
  20  2:10  Barracks  
  20  2:15  Supply Depot  
  20  2:19  SCV  
  21  2:31  SCV  
  21  2:32  Factory Tech Lab  
  22  2:41  Starport  
  22  2:42  Marine x2  
  24  2:48  Supply Depot  
  24  2:56  Siege Tank  
  27  2:59  Barracks Tech Lab  
  27  3:02  Marine  
  27  3:04  Marine  
  29  3:23  Barracks  
  29  3:24  Marine  
  29  3:25  Marine x2  
  32  3:28  Starport Reactor  
  32  3:37  Siege Tank  
  35  3:45  Supply Depot  
  35  3:52  Stimpack  
  35  3:55  Marine  
  36  4:01  Marine  
  37  4:18  Marine  
  37  4:23  Banshee  
  41  4:29  Widow Mine x2  
  45  4:31  Marine  
  45  4:36  Marine, SCV  
  48  4:41  Barracks Reactor  
  48  4:48  SCV  
  49  4:57  Command Center  
  49  5:00  SCV  
  50  5:12  Engineering Bay, Marine  
  50  5:13  Marine  
  52  5:21  Supply Depot  
  52  5:22  Supply Depot  
  52  5:26  Marine x2  
  52  5:27  Marine  
  55  5:42  Banshee  
  58  5:46  Marine x3  
  58  5:47  Marine x2  
  63  5:57  SCV  
  63  6:03  Marine  
  65  6:08  Combat Shields  
  65  6:10  SCV  
  66  6:11  Terran Infantry Weapons Level 1  
  66  6:19  Missile Turret  
  66  6:42  SCV  
  66  6:46  Marine  
  66  6:47  Marine x3  
  68  6:48  Marine  
  74  6:54  SCV  
  74  6:55  Banshee  
  74  6:58  Orbital Command  
  76  7:06  SCV  
  77  7:22  Refinery  
  77  7:23  Refinery  
  77  7:30  Marine x2  
  77  7:31  Marine x3  
  82  7:45  Starport  
  82  7:47  Starport  
  82  7:48  Marine  
  83  7:53  Marine x2  
  85  8:06  Terran Infantry Armor Level 1  
  85  8:13  Armory  
  85  8:15  Fusion Core  
  85  8:22  Starport Reactor  
  85  8:24  Starport Reactor  
  85  8:25  Marine  
  85  8:26  Marine x2  
  88  8:32  Supply Depot  
  88  8:38  SCV  
  88  8:40  Supply Depot  
  89  8:46  Marine  
  89  8:47  Marine x2  
  92  8:54  Medivac  
  94  9:08  Marine  
  94  9:09  Marine  
  96  9:10  Marine x3  
  96  9:14  Hellbat  
  96  9:16  Hellbat  
  103  9:17  Medivac x2  
  103  9:18  Medivac  
  109  9:34  Supply Depot  
  109  9:35  Supply Depot x2  
  109  9:38  SCV  
  110  9:55  Medivac, Marine x4, SCV x2  
  110  9:59  Battlecruiser  
  124  10:02  Marine  
  125  10:07  SCV  
  126  10:14  SCV  
  126  10:19  SCV  
  128  10:28  Command Center  
  128  10:33  Marine x3  
  128  10:34  Marine  
  132  10:40  Medivac  
  134  10:51  Marine  
  134  10:55  Supply Depot  
  135  10:57  Supply Depot  
  135  11:01  Supply Depot  
  135  11:03  Raven  
  137  11:19  Marine x3  
  137  11:20  Marine x2  
  142  11:27  Medivac x2  
  142  11:31  Hellbat  
  142  11:32  Hellbat  
  150  11:40  Planetary Fortress  
  150  11:46  Raven  
  152  11:57  Refinery x2  
  152  11:59  Marine  
  152  12:00  Marine x4  
  157  12:11  Supply Depot  
  157  12:13  Supply Depot  
  157  12:15  Viking  
  159  12:17  Marine  
  159  12:18  Viking  
  162  12:24  SCV x2  
  164  12:33  Marine  
  164  12:35  Terran Infantry Armor Level 2  
  165  12:48  Marine x3  
  168  12:51  Marine  
  168  12:52  Marine  
  168  12:55  Viking  
  172  13:39  Marine  
  172  13:40  Marine x4  
  177  13:45  Battlecruiser  
  177  13:46  Medivac x2  
  187  13:57  Marine x2  
  187  13:58  Barracks, Marine  
  187  13:59  Barracks  
  187  14:00  Barracks  
  190  14:04  Marine x2  
  102  15:48  Marine  
  102  15:49  Marine x4  
  92  15:50  Marine  
  93  16:06  Marine  
  93  16:07  Barracks Reactor, Marine x2  
  93  16:08  Barracks Reactor  
  93  16:10  Barracks Reactor  
  94  16:11  Marine  
  95  16:19  SCV  
  95  16:20  SCV x2  
  95  16:24  Marine  
  95  16:25  Marine x2  
  100  16:26  Marine  
  100  16:32  SCV x2  
Show
View Real Time Build Order
Export as new Build Order

SantaClaws Terran - Winner!

Build Orders:  

Get SALT Encoding   

  12  0:02  SCV  
  14  0:14  SCV  
  14  0:25  Supply Depot  
  14  0:27  SCV  
  15  0:32  Refinery  
  15  0:49  SCV  
  16  0:50  Barracks  
  16  1:02  SCV  
  17  1:14  SCV  
  17  1:15  Supply Depot  
  18  1:26  Refinery, SCV  
  19  1:37  Barracks Reactor  
  19  1:38  SCV  
  20  1:47  Supply Depot  
  20  1:50  SCV  
  21  2:04  Factory  
  21  2:13  Marine x2  
  23  2:16  SCV  
  24  2:23  Bunker  
  24  2:28  SCV  
  25  2:35  Marine x2  
  27  2:48  Factory Tech Lab  
  27  2:52  SCV  
  27  2:56  Engineering Bay  
  28  2:59  Marine x2  
  30  3:09  Siege Tank  
  33  3:20  Supply Depot  
  33  3:27  Orbital Command  
  33  3:35  Missile Turret  
  33  3:50  Siege Tank  
  36  3:59  Missile Turret  
  36  4:01  Marine x2  
  38  4:26  Command Center  
  38  4:39  Missile Turret  
  38  4:45  Missile Turret  
  38  4:58  Siege Tank  
  41  5:01  Missile Turret  
  41  5:11  Missile Turret  
  41  5:33  Supply Depot  
  41  5:40  Refinery  
  41  5:52  Command Center  
  41  5:56  SCV  
  42  6:08  SCV  
  43  6:16  Starport  
  43  6:20  SCV  
  44  6:32  SCV  
  45  6:33  Refinery  
  45  6:44  SCV  
  46  6:47  Siege Tank  
  49  6:56  SCV  
  49  6:58  Starport Tech Lab  
  50  7:07  Refinery, Fusion Core  
  50  7:08  SCV  
  51  7:19  Missile Turret  
  51  7:20  SCV  
  52  7:32  Viking  
  52  7:34  Missile Turret  
  54  7:41  SCV  
  54  7:43  Missile Turret  
  55  7:49  SCV  
  56  7:53  SCV  
  57  8:01  SCV  
  57  8:02  Viking  
  60  8:05  Weapon Refit  
  60  8:06  SCV  
  61  8:13  SCV  
  61  8:15  Starport  
  62  8:23  Supply Depot  
  62  8:25  SCV  
  63  8:33  Missile Turret  
  63  8:39  Missile Turret  
  63  8:46  Supply Depot  
  63  8:48  SCV  
  64  8:54  Refinery  
  64  8:55  SCV  
  65  9:00  SCV  
  66  9:07  SCV  
  66  9:08  Widow Mine  
  69  9:12  SCV  
  70  9:17  Missile Turret  
  70  9:19  Starport Tech Lab, SCV  
  71  9:24  SCV  
  71  9:27  Starport  
  71  9:31  Terran Infantry Weapons Level 1, SCV  
  73  9:36  SCV  
  73  9:38  Armory  
  74  9:41  Armory  
  74  9:43  SCV  
  75  9:46  Armory  
  75  9:52  Supply Depot  
  75  10:01  SCV  
  76  10:10  Missile Turret  
  76  10:13  SCV  
  77  10:14  SCV  
  77  10:17  Missile Turret  
  78  10:23  Starport Tech Lab  
  78  10:25  SCV  
  78  10:26  SCV  
  80  10:30  Missile Turret  
  80  10:32  Sensor Tower  
  80  10:37  SCV  
  80  10:39  Missile Turret  
  82  10:50  SCV  
  82  10:51  Command Center  
  82  10:52  Missile Turret  
  82  11:01  Battlecruiser  
  88  11:08  Terran Vehicle Weapons Level 1  
  88  11:09  Terran Vehicle And Ship Armor Level 1  
  88  11:10  Terran Ship Weapons Level 1  
  88  11:17  Supply Depot  
  88  11:36  Refinery  
  88  11:38  Battlecruiser  
  94  11:40  Supply Depot  
  94  11:48  Battlecruiser  
  100  11:55  Supply Depot  
  100  12:03  Planetary Fortress  
  100  12:04  Refinery  
  100  12:19  Battlecruiser  
  100  12:21  Missile Turret  
  106  12:25  Supply Depot  
  106  12:42  Battlecruiser, SCV  
  113  12:46  SCV  
  114  12:52  Battlecruiser  
  114  12:54  SCV  
  114  12:58  SCV  
  122  13:02  Supply Depot  
  122  13:06  SCV  
  122  13:10  Terran Vehicle Weapons Level 2  
  122  13:12  Terran Vehicle And Ship Armor Level 2  
  123  13:14  Terran Ship Weapons Level 2  
  123  13:18  SCV  
  124  13:26  Supply Depot  
  124  13:48  Siege Tank  
  127  13:49  Marine  
  127  13:51  Terran Infantry Weapons Level 2  
  127  13:53  Marine  
  129  14:02  Bunker  
  129  14:04  Battlecruiser  
  129  14:06  Battlecruiser  
  129  14:07  Marine  
  142  14:11  Marine  
  142  14:15  Battlecruiser  
  149  14:25  Marine  
  149  14:29  Marine  
  151  14:33  Missile Turret  
  151  14:34  Supply Depot  
  151  14:35  Widow Mine  
  153  14:43  Marine  
  154  14:46  Marine  
  155  15:03  Widow Mine  
  149  16:04  Missile Turret  
  166  16:51  Supply Depot  
Tags
 
Composition
MMM Bio
Matchup
TvT
Race
Terran
Replay Pack
SIII
Spawn Locations
Cross Positions
Add a new tag
Caveats
  • Supply blocks, unpowered buildings, or Contaminate may cause inaccurate times.
  • Supply counts are checked every 10 seconds.